 Dungeon Crawl Stone Soup version 0.19-a0-1815-g4007336 (webtiles) character file.

228 Alarkh the Grave Robber (level 5, -15/35 HPs)
             Began as a Mummy Necromancer on Oct 5, 2016.
             Demolished by an orc warrior
             ... wielding a +0 trident
              (18 damage)
             ... on level 6 of the Dungeon.
             The game lasted 00:07:54 (3659 turns).

Alarkh the Grave Robber (Mummy Necromancer)         Turns: 3659, Time: 00:07:54

Health: -15/35     AC:  3    Str: 11    XL:     5   Next: 71%
Magic:  1/11       EV: 12    Int: 16    God:
Gold:   130        SH:  0    Dex: 12    Spells: 2 memorised, 8 levels left

rFire  x . .     SeeInvis +     k - +0 mace
rCold  + . .     Gourm    .     a - +0 robe
rNeg   + + +     Faith    .     (no shield)
rPois  ∞         Spirit   .     (no helmet)
rElec  .         Dismiss  .     m - +0 cloak
rCorr  .         Reflect  .     (no gloves)
MR     .....     Harm     .     (no boots)
Stlth  ++........               (no amulet)
                                f - ring of flight
                                e - ring of see invisible

@: no status effects
A: no food or potions, fire vulnerability, cold resistance 1, negative energy
resistance 3, torment resistance, unbreathing
a: Evoke Flight


You were on level 6 of the Dungeon.
You were not hungry.

You visited 1 branch of the dungeon, and saw 5 of its levels.

You collected 130 gold pieces.

Inventory:

Hand Weapons
 c - a +0 short sword
 k - a +0 mace (weapon)
Armour
 a - a +0 robe (worn)
 m - a +0 cloak (worn)
Jewellery
 e - a ring of see invisible (left hand)
 f - a ring of flight (right hand)
Wands
 n - a wand of lightning (6/15)
 p - a wand of flame (38/48)
Scrolls
 d - 2 scrolls of noise
 g - a scroll of amnesia {unknown}
 h - a scroll of fog
 i - a scroll of identify {unknown}
 j - a scroll of magic mapping
 l - a scroll of immolation {unknown}
 o - a scroll of enchant weapon {unknown}
Books
 b - a book of Necromancy

   Spells                             Type                      Level
   a - Pain                           Necromancy                   1
   b - Animate Skeleton               Necromancy                   1
   c - Vampiric Draining              Necromancy                   3
   d - Regeneration                   Charms/Necromancy            3
   e - Animate Dead                   Necromancy                   4
   f - Control Undead                 Necromancy                   4


   Skills:
 - Level 1.5 Dodging
 - Level 1.5 Stealth
 + Level 4.2 Spellcasting
 + Level 5.6 Necromancy


You had 8 spell levels left.
You knew the following spells:

 Your Spells              Type           Power        Failure   Level  Hunger
a - Pain                  Necr           ###.         1%          1    N/A
b - Vampiric Draining     Necr           ###.......   6%          3    N/A

Dungeon Overview and Level Annotations

Branches:
Dungeon (4/15)
 Temple: D:4-7

Altars:
Dithmenos
Fedhas
Hepliaklqana
Uskayaw
Jiyva


Innate Abilities, Weirdness & Mutations

You do not eat or drink.
Your flesh is vulnerable to fire.
You are immune to poison.
Your flesh is cold resistant. (rC+)
You are immune to negative energy. (rN+++)
You are immune to unholy pain and torment.
You can survive without breathing.


Message History

Aim: an orc warrior, wielding a trident and wearing a chain mail (almost dead, chance to defeat MR: 80%)
The orc wizard barely resists.
The orc warrior closely misses you. The orc wizard barely misses you.
Casting: Pain
Confirm with . or Enter, or press ? or * to list all spells.
Aiming: Pain
Press: ? - help, Shift-Dir - straight line, f/p - orc warrior
Aim: an orc warrior, wielding a trident and wearing a chain mail (almost dead, chance to defeat MR: 80%)
The orc wizard barely resists.
The orc wizard closely misses you.
The orc warrior hits you from afar with a trident!
The orc wizard hits you but does no damage.
The orc wizard casts a spell at you. The puff of flame hits you!
The fire burns you terribly!
* * * LOW HITPOINT WARNING * * *
The orc wizard points at you and mumbles some strange words.
The puff of frost hits you! You resist.
* * * LOW HITPOINT WARNING * * *
The orc warrior hits you from afar with a trident!!
Ouch! That really hurt!
You die...

#.#
##.##.####
#...o)o...
#.#.##o...
###o#... #
#..o#..##
#..o#..#
#..o#...
####..@#.#.#
#......#....
#......#
#......#
#......#
######.# #..
####


You could see an orc warrior, an orc wizard and 2 orcs.

Vanquished Creatures
  A floating eye (D:3)
  A jelly (D:3)
  An orc wizard (D:3)
  Natasha (thrice) (D:2)
  An adder (D:1)
  A shadow imp (D:3)
  2 oozes (D:2)
  2 worms (D:3)
  5 dart slugs
  6 orcs
  3 giant cockroaches
  15 hobgoblins
  4 jackals (D:2)
  2 kobolds (D:1)
  4 quokkas
  A ball python (D:1)
  9 bats
  2 frilled lizards (D:1)
  10 goblins
  9 rats
  A fungus (D:2)
83 creatures vanquished.

Notes
Turn   | Place    | Note
-------+----------+-------------------------------------------
     0 | D:1      | Alarkh the Mummy Necromancer began the quest for the Orb.
     0 | D:1      | Reached XP level 1. HP: 13/13 MP: 3/3
   327 | D:1      | Reached XP level 2. HP: 14/19 MP: 0/5
   940 | D:1      | Reached XP level 3. HP: 24/24 MP: 4/7
  1114 | D:1      | Learned a level 3 spell: Vampiric Draining
  1116 | D:2      | Found a blossoming altar of Fedhas.
  1234 | D:2      | Noticed Natasha
  1674 | D:2      | Killed Natasha
  1674 | D:2      | Reached XP level 4. HP: 12/30 MP: 1/8
  2102 | D:2      | Noticed Natasha
  2126 | D:2      | Killed Natasha
  2126 | D:2      | Reached skill level 5 in Necromancy
  2230 | D:2      | Noticed Natasha
  2235 | D:2      | Killed Natasha
  2363 | D:2      | Reached XP level 5. HP: 34/35 MP: 1/10
  2893 | D:3      | Found a faded altar of an unknown god.
  2908 | D:3      | Found a shadowy altar of Dithmenos.
  2929 | D:3      | Found a hide-covered altar of Uskayaw.
  2989 | D:3      | Found a hazy altar of Hepliaklqana.
  3036 | D:4      | Noticed a phantom
  3093 | D:3      | Became a worshipper of Jiyva Jinoteid the Shapeless
  3093 | D:3      | Reached * piety under Jiyva
  3093 | D:3      | Fell from the grace of Jiyva
  3369 | D:3      | Noticed a floating eye
  3369 | D:3      | Noticed a death ooze
  3369 | D:3      | Noticed a slime creature
  3372 | D:3      | Paralysed by a floating eye for 3 turns
  3389 | D:3      | Paralysed by a floating eye for 3 turns
  3396 | D:4      | Paralysed by a floating eye for 2 turns
  3402 | D:4      | Paralysed by a floating eye for 2 turns
  3418 | D:3      | Killed a floating eye
  3634 | D:4      | You fall through a shaft for 2 floors!
  3641 | D:6      | Noticed an orc warrior
  3659 | D:6      | Demolished by an orc warrior

Vault maps used:
D:1:      erik_arrival_triangle_huge, minmay_misc_feat_square
D:2:      minivault_23, fedhas_altar_3, uniq_natasha
D:3:      overflow_temple_1_default, lemuel_doored_altar, lemuel_round_altar,
          ecumenical_altar_1
D:4:      nemelex_xobeh_ov_fountains_minmay
D:6:      led_sif_pool, nicolae_overflow_crystal_walls, lemuel_flamethrower_1

Skill      XL: |  1  2  3  4  5 |
---------------+----------------+-----
Spellcasting   | 3 4 |  4.2
Necromancy     | 5 |  5.6
Dodging        | |  1.5
Stealth        | |  1.5

Action                   |  1- 3 |  4- 6 || total
-------------------------+-------+-------++-------
Melee: Unarmed           |    12 |       ||    12
       Short sword       |    30 |    25 ||    55
       Mace              |       |    23 ||    23
 Cast: Pain              |    68 |   121 ||   189
Invok: Renounce Religion |       |     1 ||     1
  Use: Scroll            |     4 |     2 ||     6
Armor: Robe              |    17 |    10 ||    27
Dodge: Dodged            |    55 |    41 ||    96
